| TOP OF THE 1ST |
|
Visalia Mets batting - Pitching for Fresno Grizzlies : RHP Jerry Bonilla
|
|
Pitching: RHP Jerry Bonilla
|
|
|
Batting: RHB Danny Ainge
|
0-0: Foul Ball, location: 2F 0-1: Ball 1-1: SINGLE (Groundball, 56D, EV 102.5 MPH)
|
|
Batting: SHB David Navarro
|
0-0: Ball 1-0: Foul Ball, location: 2F 1-1: Ball 2-1: Ball 3-1: Fly out, F8 (Line Drive, 8LD, EV 97.5 MPH)
|
|
Batting: LHB Huey Gayden
|
0-0: SINGLE (Line Drive, 8RS, EV 101.3 MPH) Danny Ainge to second
|
|
Batting: LHB Pete Dalena
|
0-0: Called Strike 0-1: Foul Ball, location: 2F 0-2: Foul Ball, location: 2F 0-2: Ball 1-2: Ball 2-2: Strikes out looking
|
|
Batting: SHB Marcos Gomez
|
0-0: Ball 1-0: Called Strike 1-1: Fly out, F9 (Flyball, 89S, EV 77.5 MPH)
|
| Top of the 1st over - 0 runs, 2 hits, 0 errors, 2 left on base; Visalia 0 - Fresno 0 |
| BOTTOM OF THE 1ST |
|
Fresno Grizzlies batting - Pitching for Visalia Mets : LHP Tom Bolton
|
|
Pitching: LHP Tom Bolton
|
|
|
Batting: RHB Mike Jirschele
|
0-0: Ball 1-0: Foul Ball, location: 2F 1-1: Ball 2-1: Bunt for hit to P - play at first, batter OUT! 1-3
|
|
Batting: RHB Tom Johnson
|
0-0: Ball 1-0: Called Strike 1-1: Ball 2-1: Foul Ball, location: 2F 2-2: Foul Ball, location: 2F 2-2: Ball 3-2: TRIPLE (Line Drive, 8LXD, EV 105.0 MPH)
|
|
Batting: RHB Chris Fernandez
|
0-0: Foul Ball, location: 2F 0-1: Fly out, F8 (Flyball, 8LD, EV 99.4 MPH) Runner from 3rd tags up, SCORES, throw by CF
|
|
Batting: RHB Ivan Mesa
|
0-0: Called Strike 0-1: Ground out 3-1 (Groundball, 34, EV 85.0 MPH)
|
| Bottom of the 1st over - 1 run, 1 hit, 0 errors, 0 left on base; Visalia 0 - Fresno 1 |
| TOP OF THE 2ND |
|
Visalia Mets batting - Pitching for Fresno Grizzlies : RHP Jerry Bonilla
|
|
Batting: RHB Ed Sedar
|
0-0: Swinging Strike 0-1: Ball 1-1: Foul Ball, location: 2F 1-2: Ball 2-2: Ball 3-2: DOUBLE (Line Drive, 7LD, EV 111.3 MPH)
|
|
Batting: RHB Ken Frazier
|
0-0: Called Strike 0-1: Ball 1-1: Ball 2-1: Ball 3-1: Foul Ball, location: 2F 3-2: Base on Balls
|
|
Batting: RHB Lloyd Bessard
|
0-0: Foul Ball, location: 2F 0-1: Fly out, F8 (Flyball, 8LM, EV 93.1 MPH)
|
|
Batting: RHB Eddie Dennis
|
0-0: Fly out, F6 (Popup, 6, EV 76.3 MPH)
|
|
Batting: RHB Danny Ainge
|
0-0: Fly out, F4 (Flyball, 34D, EV 86.3 MPH)
|
| Top of the 2nd over - 0 runs, 1 hit, 0 errors, 2 left on base; Visalia 0 - Fresno 1 |
| BOTTOM OF THE 2ND |
|
Fresno Grizzlies batting - Pitching for Visalia Mets : LHP Tom Bolton
|
|
Batting: LHB Ron Oddo
|
0-0: Ball 1-0: SINGLE (Groundball, 6MD, EV 106.9 MPH)
|
|
Batting: LHB William Metil
|
0-0: Ball 1-0: Ball 2-0: Fly out, F8 (Flyball, 8RD, EV 93.8 MPH)
|
|
Batting: LHB Roger Hill
|
0-0: Called Strike 0-1: Ball 1-1: Foul Ball, location: 2F 1-2: Fly out, F7 (Flyball, 78S, EV 90.0 MPH)
|
|
Batting: RHB Emilio Carrasquel
|
0-0: Ball 1-0: Foul Ball, location: 2F 1-1: Ball 2-1: Fielders Choice at 2nd, 6-4 (Groundball, 6, EV 85.6 MPH)
|
| Bottom of the 2nd over - 0 runs, 1 hit, 0 errors, 1 left on base; Visalia 0 - Fresno 1 |
| TOP OF THE 3RD |
|
Visalia Mets batting - Pitching for Fresno Grizzlies : RHP Jerry Bonilla
|
|
Batting: SHB David Navarro
|
0-0: Ball 1-0: Ground out U3 (Groundball, 34, EV 103.1 MPH)
|
|
Batting: LHB Huey Gayden
|
0-0: Swinging Strike 0-1: Reached on error, E3 (Groundball, 3L, EV 85.6 MPH)
|
|
Batting: LHB Pete Dalena
|
0-0: Ball 1-0: Called Strike 1-1: Foul Ball, location: 2F 1-2: Foul Ball, location: 2F 1-2: Ball 2-2: DOUBLE (Line Drive, 89D, EV 112.5 MPH) Huey Gayden to third Runner from 3rd tries for Home, SAFE, no throw by CF
|
|
Batting: SHB Marcos Gomez
|
0-0: SINGLE (Line Drive, 7S, EV 97.5 MPH) Pete Dalena to third Runner from 3rd tries for Home, throw by LF and OUT! 7-2
|
|
Batting: RHB Ed Sedar
|
0-0: Ball 1-0: Foul Ball, location: 2F 1-1: Foul Ball, location: 2F 1-2: Foul Ball, location: 2F 1-2: Ball 2-2: Foul Ball, location: 2F 2-2: Foul Ball, location: 2F 2-2: Strikes out swinging
|
| Top of the 3rd over - 1 run, 2 hits, 1 error, 1 left on base; Visalia 1 - Fresno 1 |
| BOTTOM OF THE 3RD |
|
Fresno Grizzlies batting - Pitching for Visalia Mets : LHP Tom Bolton
|
|
Batting: LHB Russ Aldrich
|
0-0: Ground out U3 (Groundball, 34, EV 87.5 MPH)
|
|
Batting: RHB Mike Jirschele
|
0-0: Ball 1-0: Ball 2-0: Ball 3-0: Called Strike 3-1: SINGLE (Line Drive, 56D, EV 95.6 MPH)
|
|
Batting: RHB Tom Johnson
|
0-0: Ball 1-0: Foul Ball, location: 2F 1-1: Ball 2-1: Fielders Choice at 2nd, 6-4 (Groundball, 6, EV 86.3 MPH)
|
|
Batting: RHB Chris Fernandez
|
0-0: Called Strike 0-1: Ball 1-1: Ball 2-1: SINGLE (Groundball, 6M, EV 90.6 MPH) (infield hit) Tom Johnson to second
|
|
Batting: RHB Ivan Mesa
|
0-0: Ball 1-0: Fly out, F9 (Flyball, 9D, EV 90.6 MPH)
|
| Bottom of the 3rd over - 0 runs, 2 hits, 0 errors, 2 left on base; Visalia 1 - Fresno 1 |
| TOP OF THE 4TH |
|
Visalia Mets batting - Pitching for Fresno Grizzlies : RHP Jerry Bonilla
|
|
Batting: RHB Ken Frazier
|
0-0: Ball 1-0: Swinging Strike 1-1: Called Strike 1-2: Foul Ball, location: 2F 1-2: Foul Ball, location: 2F 1-2: Ground out 4-3 (Groundball, 4, EV 98.8 MPH)
|
|
Batting: RHB Lloyd Bessard
|
0-0: Called Strike 0-1: Ball 1-1: Ball 2-1: SINGLE (Groundball, 56D, EV 106.9 MPH)
|
|
Batting: RHB Eddie Dennis
|
0-0: Ball Lloyd Bessard steals 2nd, throwing error, E2 Lloyd Bessard to third 1-0: Ball 2-0: Fly out, F8 (Flyball, 8RS, EV 85.0 MPH)
|
|
Batting: RHB Danny Ainge
|
0-0: Foul Ball, location: 2F 0-1: Ground out 5-3 (Groundball, 56S, EV 91.3 MPH)
|
| Top of the 4th over - 0 runs, 1 hit, 1 error, 1 left on base; Visalia 1 - Fresno 1 |
| BOTTOM OF THE 4TH |
|
Fresno Grizzlies batting - Pitching for Visalia Mets : LHP Tom Bolton
|
|
Batting: LHB Ron Oddo
|
0-0: Ball 1-0: Ball 2-0: Called Strike 2-1: Foul Ball, location: 2F 2-2: Ground out 6-3 (Groundball, 56, EV 85.0 MPH)
|
|
Batting: LHB William Metil
|
0-0: Ball 1-0: Fly out, F7 (Flyball, 7S, EV 90.0 MPH)
|
|
Batting: LHB Roger Hill
|
0-0: Swinging Strike 0-1: Swinging Strike 0-2: Strikes out swinging
|
| Bottom of the 4th over - 0 runs, 0 hits, 0 errors, 0 left on base; Visalia 1 - Fresno 1 |
| TOP OF THE 5TH |
|
Visalia Mets batting - Pitching for Fresno Grizzlies : RHP Jerry Bonilla
|
|
Batting: SHB David Navarro
|
0-0: Ground out U3 (Groundball, 3S, EV 83.8 MPH)
|
|
Batting: LHB Huey Gayden
|
0-0: Ball 1-0: Foul Ball, location: 2F 1-1: Swinging Strike 1-2: Foul Ball, location: 2F 1-2: Ball 2-2: Ball 3-2: Ground out 6-3 (Groundball, 6, EV 81.9 MPH)
|
|
Batting: LHB Pete Dalena
|
0-0: Foul Ball, location: 2F 0-1: Ball 1-1: Foul Ball, location: 2F 1-2: Fly out, F9 (Flyball, 89XD, EV 90.0 MPH)
|
| Top of the 5th over - 0 runs, 0 hits, 0 errors, 0 left on base; Visalia 1 - Fresno 1 |
| BOTTOM OF THE 5TH |
|
Fresno Grizzlies batting - Pitching for Visalia Mets : LHP Tom Bolton
|
|
Batting: RHB Emilio Carrasquel
|
0-0: Ground out 4-3 (Groundball, 4, EV 84.4 MPH)
|
|
Batting: LHB Russ Aldrich
|
0-0: Ball 1-0: Ground out U3 (Groundball, 3, EV 85.6 MPH)
|
|
Batting: RHB Mike Jirschele
|
0-0: Ball 1-0: Foul Ball, location: 2F 1-1: Fly out, F9 (Flyball, 9D, EV 88.8 MPH)
|
| Bottom of the 5th over - 0 runs, 0 hits, 0 errors, 0 left on base; Visalia 1 - Fresno 1 |
| TOP OF THE 6TH |
|
Visalia Mets batting - Pitching for Fresno Grizzlies : RHP Jerry Bonilla
|
|
Batting: SHB Marcos Gomez
|
0-0: Foul Ball, location: 2F 0-1: Fly out, F8 (Flyball, 8RM, EV 83.8 MPH)
|
|
Batting: RHB Ed Sedar
|
0-0: Ball 1-0: Foul Ball, location: 2F 1-1: Ball 2-1: Ground out 4-3 (Groundball, 4, EV 91.3 MPH)
|
|
Batting: RHB Ken Frazier
|
0-0: Called Strike 0-1: Swinging Strike 0-2: Strikes out swinging
|
| Top of the 6th over - 0 runs, 0 hits, 0 errors, 0 left on base; Visalia 1 - Fresno 1 |
| BOTTOM OF THE 6TH |
|
Fresno Grizzlies batting - Pitching for Visalia Mets : LHP Tom Bolton
|
|
Batting: RHB Tom Johnson
|
0-0: Called Strike 0-1: Ball 1-1: Foul Ball, location: 2F 1-2: Ball 2-2: Foul Ball, location: 2F 2-2: Ball 3-2: Fly out, F7 (Line Drive, 7, EV 90.0 MPH)
|
|
Pitching: RHP Marcos Gonzalez
|
|
|
Batting: RHB Chris Fernandez
|
0-0: Called Strike 0-1: Ball 1-1: Swinging Strike 1-2: Foul Ball, location: 2F 1-2: Foul Ball, location: 2F 1-2: Foul Ball, location: 2F 1-2: Ball 2-2: Foul Ball, location: 2F 2-2: Ball 3-2: Fly out, F4 (Popup, 4S, EV 66.9 MPH)
|
|
Batting: RHB Ivan Mesa
|
0-0: Foul Ball, location: 2F 0-1: Ball 1-1: SINGLE (Groundball, 56D, EV 105.0 MPH)
|
|
Batting: LHB Ron Oddo
|
0-0: Called Strike 0-1: Called Strike Ivan Mesa is caught stealing 2nd base 2-6
|
| Bottom of the 6th over - 0 runs, 1 hit, 0 errors, 0 left on base; Visalia 1 - Fresno 1 |
| TOP OF THE 7TH |
|
Visalia Mets batting - Pitching for Fresno Grizzlies : RHP Jerry Bonilla
|
|
Batting: RHB Lloyd Bessard
|
0-0: Ball 1-0: Foul Ball, location: 2F 1-1: Foul Ball, location: 2F 1-2: Ball 2-2: Fly out, F5 (Popup, 5SF, EV 66.3 MPH)
|
|
Pitching: LHP Steven King
|
|
|
Batting: RHB Eddie Dennis
|
0-0: Swinging Strike 0-1: Called Strike 0-2: Ball 1-2: Strikes out swinging
|
|
Batting: RHB Danny Ainge
|
0-0: Ball 1-0: Fly out, F9 (Flyball, 9LS, EV 88.1 MPH)
|
| Top of the 7th over - 0 runs, 0 hits, 0 errors, 0 left on base; Visalia 1 - Fresno 1 |
| BOTTOM OF THE 7TH |
|
Fresno Grizzlies batting - Pitching for Visalia Mets : RHP Marcos Gonzalez
|
|
Batting: LHB Ron Oddo
|
0-0: Called Strike 0-1: Ball 1-1: Fly out, F8 (Flyball, 8LD, EV 98.1 MPH)
|
|
Batting: LHB William Metil
|
0-0: Foul Ball, location: 2F 0-1: Swinging Strike 0-2: Foul Ball, location: 2F 0-2: Ball 1-2: SINGLE (Groundball, 4MD, EV 100.0 MPH)
|
|
Batting: LHB Roger Hill
|
0-0: Ball 1-0: Swinging Strike 1-1: Ball 2-1: Foul Ball, location: 2F 2-2: Fielders Choice at 2nd, 3-6 (Groundball, 3S, EV 80.0 MPH)
|
|
Batting: RHB Emilio Carrasquel
|
0-0: Ball 1-0: Ball 2-0: Ball 3-0: Called Strike 3-1: Foul Ball, location: 2F 3-2: Base on Balls Roger Hill to second
|
|
Batting: LHB Russ Aldrich
|
0-0: Swinging Strike 0-1: Ball 1-1: Ball 2-1: Swinging Strike 2-2: Foul Ball, location: 2F 2-2: Foul Ball, location: 2F 2-2: Strikes out swinging
|
| Bottom of the 7th over - 0 runs, 1 hit, 0 errors, 2 left on base; Visalia 1 - Fresno 1 |
| TOP OF THE 8TH |
|
Visalia Mets batting - Pitching for Fresno Grizzlies : LHP Steven King
|
|
Batting: SHB David Navarro
|
0-0: Ball 1-0: Fly out, F8 (Flyball, 89M, EV 93.8 MPH)
|
|
Batting: LHB Huey Gayden
|
0-0: Called Strike 0-1: Called Strike 0-2: Foul Ball, location: 2F 0-2: Foul Ball, location: 2F 0-2: Strikes out looking
|
|
Batting: LHB Pete Dalena
|
0-0: Ball 1-0: Foul Ball, location: 2F 1-1: Swinging Strike 1-2: Strikes out swinging
|
| Top of the 8th over - 0 runs, 0 hits, 0 errors, 0 left on base; Visalia 1 - Fresno 1 |
| BOTTOM OF THE 8TH |
|
Fresno Grizzlies batting - Pitching for Visalia Mets : RHP Marcos Gonzalez
|
|
Batting: RHB Mike Jirschele
|
0-0: Called Strike 0-1: Ball 1-1: Ball 2-1: Ball 3-1: Base on Balls
|
|
Pitching: RHP Timothy O'Neill
|
|
|
Batting: RHB Tom Johnson
|
0-0: Ball 1-0: Ball 2-0: Ball 3-0: Called Strike 3-1: Grounds into double play, 5-4-3 (Groundball, 56, EV 104.4 MPH)
|
|
Batting: RHB Chris Fernandez
|
0-0: SINGLE (Groundball, 56S, EV 71.3 MPH) (infield hit)
|
|
Batting: RHB Ivan Mesa
|
0-0: Ball 1-0: Called Strike 1-1: Swinging Strike 1-2: Ball 2-2: Foul Ball, location: 2F 2-2: Ground out 5-3 (Groundball, 56S, EV 85.0 MPH)
|
| Bottom of the 8th over - 0 runs, 1 hit, 0 errors, 1 left on base; Visalia 1 - Fresno 1 |
| TOP OF THE 9TH |
|
Visalia Mets batting - Pitching for Fresno Grizzlies : LHP Steven King
|
|
Pitching: RHP Nelson Torres
|
|
|
Batting: SHB Marcos Gomez
|
0-0: Foul Ball, location: 2F 0-1: Ball 1-1: Foul Ball, location: 2F 1-2: Strikes out looking
|
|
Batting: RHB Ed Sedar
|
0-0: Foul Ball, location: 2F 0-1: Swinging Strike 0-2: Strikes out swinging
|
|
Batting: RHB Ken Frazier
|
0-0: SINGLE (Line Drive, 5D, EV 105.0 MPH)
|
|
Batting: RHB Lloyd Bessard
|
0-0: Called Strike 0-1: Swinging Strike 0-2: Foul Ball, location: 2F 0-2: Ball 1-2: Ball 2-2: Strikes out swinging
|
| Top of the 9th over - 0 runs, 1 hit, 0 errors, 1 left on base; Visalia 1 - Fresno 1 |
| BOTTOM OF THE 9TH |
|
Fresno Grizzlies batting - Pitching for Visalia Mets : RHP Timothy O'Neill
|
|
Batting: LHB Ron Oddo
|
0-0: Ball 1-0: Ball 2-0: Ground out 6-3 (Groundball, 6, EV 97.5 MPH)
|
|
Batting: LHB William Metil
|
0-0: Ball 1-0: Called Strike 1-1: Ball 2-1: Swinging Strike 2-2: Ball 3-2: Foul Ball, location: 2F 3-2: Foul Ball, location: 2F 3-2: Base on Balls
|
|
Batting: LHB Roger Hill
|
0-0: Called Strike 0-1: Fly out, F7 (Flyball, 7, EV 90.6 MPH)
|
|
Pinch Hitting: LHB Jose Rivera
|
0-0: Ball 1-0: Called Strike 1-1: Ball 2-1: Ball 3-1: Ground out 4-3 (Groundball, 34, EV 78.8 MPH)
|
| Bottom of the 9th over - 0 runs, 0 hits, 0 errors, 1 left on base; Visalia 1 - Fresno 1 |
| TOP OF THE 10TH |
|
Visalia Mets batting - Pitching for Fresno Grizzlies : RHP Nelson Torres
|
|
Now at C: Mike King
|
|
|
Pinch Hitting: RHB Mitchell Ashmore
|
0-0: Ball 1-0: Ball 2-0: Swinging Strike 2-1: Foul Ball, location: 2F 2-2: Foul Ball, location: 2F 2-2: Ball 3-2: Fly out, F9 (Flyball, 9D, EV 94.4 MPH)
|
|
Batting: RHB Danny Ainge
|
0-0: Called Strike 0-1: Fly out, F8 (Flyball, 89D, EV 100.0 MPH)
|
|
Batting: SHB David Navarro
|
0-0: Called Strike 0-1: Called Strike 0-2: Foul Ball, location: 2F 0-2: Foul Ball, location: 2F 0-2: Foul Ball, location: 2F 0-2: Ball 1-2: Ball 2-2: Ground out 4-3 (Groundball, 4, EV 98.1 MPH)
|
| Top of the 10th over - 0 runs, 0 hits, 0 errors, 0 left on base; Visalia 1 - Fresno 1 |
| BOTTOM OF THE 10TH |
|
Fresno Grizzlies batting - Pitching for Visalia Mets : RHP Timothy O'Neill
|
|
Pitching: RHP Dennis Long
|
|
|
Now at SS: Daniel Robie
|
|
|
Batting: LHB Russ Aldrich
|
0-0: Ball 1-0: Fly out, F8 (Line Drive, 8LD, EV 94.4 MPH)
|
|
Batting: RHB Mike Jirschele
|
0-0: Called Strike 0-1: Ball 1-1: Foul Ball, location: 2F 1-2: Ball 2-2: Foul Ball, location: 2F 2-2: Ball 3-2: Ground out 6-3 (Groundball, 6, EV 84.4 MPH)
|
|
Batting: RHB Tom Johnson
|
0-0: Ball 1-0: Foul Ball, location: 2F 1-1: Foul Ball, location: 2F 1-2: Foul Ball, location: 2F 1-2: Foul Ball, location: 2F 1-2: Ball 2-2: SINGLE (Flyball, 78S, EV 91.3 MPH)
|
|
Batting: RHB Chris Fernandez
|
0-0: Called Strike 0-1: Ground out 5-3 (Groundball, 56S, EV 85.6 MPH)
|
| Bottom of the 10th over - 0 runs, 1 hit, 0 errors, 1 left on base; Visalia 1 - Fresno 1 |
| TOP OF THE 11TH |
|
Visalia Mets batting - Pitching for Fresno Grizzlies : RHP Nelson Torres
|
|
Pitching: RHP Larry Wright
|
|
|
Batting: LHB Huey Gayden
|
0-0: Ball 1-0: Called Strike 1-1: Swinging Strike 1-2: Ball 2-2: Reached on error, E4 (Groundball, 4, EV 103.8 MPH)
|
|
Batting: LHB Pete Dalena
|
0-0: Ball 1-0: Foul Ball, location: 2F 1-1: Grounds into double play, 4-6-3 (Groundball, 4, EV 81.9 MPH)
|
|
Batting: SHB Marcos Gomez
|
0-0: Ball 1-0: Ball 2-0: Ball 3-0: Called Strike 3-1: Fly out, F8 (Flyball, 8RXD, EV 91.9 MPH)
|
| Top of the 11th over - 0 runs, 0 hits, 1 error, 0 left on base; Visalia 1 - Fresno 1 |
| BOTTOM OF THE 11TH |
|
Fresno Grizzlies batting - Pitching for Visalia Mets : RHP Dennis Long
|
|
Batting: RHB Ivan Mesa
|
0-0: Foul Ball, location: 2F 0-1: Ball 1-1: Foul Ball, location: 2F 1-2: Strikes out swinging
|
|
Pitching: RHP Mike Ferguson
|
|
|
Batting: LHB Ron Oddo
|
0-0: Fly out, F8 (Flyball, 8LS, EV 89.4 MPH)
|
|
Batting: LHB William Metil
|
0-0: Ball 1-0: Fly out, F9 (Line Drive, 9S, EV 95.6 MPH)
|
| Bottom of the 11th over - 0 runs, 0 hits, 0 errors, 0 left on base; Visalia 1 - Fresno 1 |
| TOP OF THE 12TH |
|
Visalia Mets batting - Pitching for Fresno Grizzlies : RHP Larry Wright
|
|
Batting: RHB Ed Sedar
|
0-0: Ball 1-0: Ground out 4-3 (Groundball, 4, EV 88.1 MPH)
|
|
Batting: RHB Ken Frazier
|
0-0: Ball 1-0: Foul Ball, location: 2F 1-1: Fly out, F8 (Line Drive, 8LD, EV 100.6 MPH)
|
|
Batting: RHB Lloyd Bessard
|
0-0: Ball 1-0: Swinging Strike 1-1: Swinging Strike 1-2: Ball 2-2: Foul Ball, location: 2F 2-2: DOUBLE (Line Drive, 9D, EV 105.0 MPH)
|
|
Pinch Hitting: RHB Gabriel de la Sancha
|
0-0: Intentional Walk
|
|
Batting: RHB Danny Ainge
|
0-0: Foul Ball, location: 2F 0-1: Swinging Strike 0-2: Foul Ball, location: 2F 0-2: Foul Ball, location: 2F 0-2: Fly out, F9 (Flyball, 89S, EV 82.5 MPH)
|
| Top of the 12th over - 0 runs, 1 hit, 0 errors, 2 left on base; Visalia 1 - Fresno 1 |
| BOTTOM OF THE 12TH |
|
Fresno Grizzlies batting - Pitching for Visalia Mets : RHP Mike Ferguson
|
|
Now at SS: Rene Quinones
|
|
|
Batting: LHB Roger Hill
|
0-0: Foul Ball, location: 2F 0-1: Ground out 4-3 (Groundball, 4M, EV 88.1 MPH)
|
|
Batting: RHB Mike King
|
0-0: Ball 1-0: Called Strike 1-1: Ground out 4-3 (Groundball, 4, EV 80.0 MPH)
|
|
Batting: LHB Russ Aldrich
|
0-0: Ball 1-0: SINGLE (Groundball, 34D, EV 105.6 MPH)
|
|
Batting: RHB Mike Jirschele
|
0-0: Ball 1-0: Ball 2-0: Called Strike 2-1: Swinging Strike 2-2: Foul Ball, location: 2F 2-2: Strikes out swinging
|
| Bottom of the 12th over - 0 runs, 1 hit, 0 errors, 1 left on base; Visalia 1 - Fresno 1 |
| TOP OF THE 13TH |
|
Visalia Mets batting - Pitching for Fresno Grizzlies : RHP Larry Wright
|
|
Batting: SHB David Navarro
|
0-0: Ball 1-0: Ball 2-0: Ball 3-0: Called Strike 3-1: Base on Balls
|
|
Batting: LHB Huey Gayden
|
0-0: Ball 1-0: Grounds into double play, 4-6-3 (Groundball, 34, EV 110.6 MPH)
|
|
Batting: LHB Pete Dalena
|
0-0: Ball 1-0: Foul Ball, location: 2F 1-1: Fly out, F9 (Flyball, 9LD, EV 87.5 MPH)
|
| Top of the 13th over - 0 runs, 0 hits, 0 errors, 0 left on base; Visalia 1 - Fresno 1 |
| BOTTOM OF THE 13TH |
|
Fresno Grizzlies batting - Pitching for Visalia Mets : RHP Mike Ferguson
|
|
Batting: RHB Tom Johnson
|
0-0: Ground out 5-3 (Groundball, 56S, EV 70.0 MPH)
|
|
Batting: RHB Chris Fernandez
|
0-0: Foul Ball, location: 2F 0-1: DOUBLE (Line Drive, 9LS, EV 110.6 MPH)
|
|
Batting: RHB Ivan Mesa
|
0-0: Ball 1-0: Foul Ball, location: 2F 1-1: Called Strike 1-2: SINGLE (Line Drive, 7LS, EV 101.9 MPH) Chris Fernandez to third
|
|
Batting: LHB Ron Oddo
|
0-0: Ball 1-0: Ball 2-0: SINGLE (Groundball, 4MD, EV 101.3 MPH) Chris Fernandez scores
|
| Bottom of the 13th over - 1 run, 3 hits, 0 errors, 0 left on base; Visalia 1 - Fresno 2 |
|